 Dungeon Crawl Stone Soup version 0.19-a0-1493-gd0fcaa6 (webtiles) character file.

200 dvd the Chopper (level 5, -4/46 HPs)
             Began as a Minotaur Gladiator on Sept 9, 2016.
             Killed by nerve-wracking pain
             ... invoked by an orc priest
              (13 damage)
             ... on level 4 of the Dungeon.
             The game lasted 00:05:57 (2275 turns).

dvd the Chopper (Minotaur Gladiator)                Turns: 2275, Time: 00:05:59

Health: -4/46      AC: 10    Str: 20    XL:     5   Next: 48%
Magic:  4/4        EV:  6    Int:  5    God:
Gold:   138        SH:  0    Dex: 11    Spells: 0 memorised, 4 levels left

rFire  . . .     SeeInvis .     p - +2 short sword (venom)
rCold  . . .     Gourm    .     r - +0 chain mail
rNeg   . . .     Faith    .     A - +0 shield
rPois  .         Spirit   .     c - +0 hat
rElec  .         Dismiss  .     (no cloak)
rCorr  .         Reflect  .     e - +1 pair of gloves
MR     .....     Harm     .     (no boots)
Stlth  ..........               (no amulet)
                                (no ring)
                                K - ring of flight

@: confused
A: retaliatory headbutt, horns 2
a: Evoke Flight


You were on level 4 of the Dungeon.
You were hungry.

You visited 1 branch of the dungeon, and saw 4 of its levels.

You collected 138 gold pieces.

Inventory:

Hand Weapons
 a - a +0 war axe
 p - a +2 short sword of venom (weapon)
 y - a +0 mace
 C - a +2 hand axe of freezing
 E - a +0 falchion of flaming
Missiles
 d - 3 throwing nets (quivered)
 l - 44 stones
 u - 67 arrows
Armour
 b - a +0 ring mail
 c - a +0 hat (worn)
 e - a +1 pair of gloves (worn)
 r - a +0 chain mail (worn)
 A - a +0 shield (worn)
Jewellery
 K - a ring of flight (left hand)
Scrolls
 h - a scroll of amnesia {unknown}
 i - a scroll of fog {unknown}
 j - 4 scrolls of identify {unknown}
 k - 3 scrolls of remove curse {unknown}
 o - 2 scrolls of enchant weapon {unknown}
 q - a scroll of magic mapping {unknown}
 s - 6 scrolls of teleportation {unknown}
 t - a scroll of recharging {unknown}
 w - a scroll of random uselessness {unknown}
 F - a scroll of blinking {unknown}
Potions
 g - a potion of lignification
 n - a potion of agility {unknown}
 v - 2 potions of haste
 z - a potion of cancellation
 B - a potion of curing
 D - a potion of magic {unknown}
 H - a potion of ambrosia
 J - a potion of degeneration {unknown}
Books
 G - a book of the Earth

   Spells                             Type                      Level
   a - Leda's Liquefaction            Hexes/Earth                  4
   b - Bolt of Magma                  Conjuration/Fire/Earth       5
   c - Statue Form                    Transmutation/Earth          6
   d - Iron Shot                      Conjuration/Earth            6
   e - Shatter                        Earth                        9
Comestibles
 f - a bread ration
 m - a beef jerky
 x - a slice of pizza
 I - a meat ration
 L - 4 chunks of flesh


   Skills:
 + Level 3.7 Fighting
 + Level 5.3 Axes
 + Level 2.2 Throwing
 + Level 2.1 Armour
 + Level 4.3 Dodging
 + Level 0.5 Shields


You had 4 spell levels left.
You didn't know any spells.

Dungeon Overview and Level Annotations

Branches:
Dungeon (4/15)
 Temple: D:4-7

Altars:


Innate Abilities, Weirdness & Mutations

You reflexively headbutt those who attack you in melee.
You have a pair of horns on your head.


Message History

The orc priest hits you but does no damage.
The orc hits you but does no damage.
An orc comes into view. It is wielding a mace.
A scorpion comes into view.
You kill the orc priest!
The orc hits you but does no damage.
Found a scroll labeled HIEDUWNARA.
Unknown command.
You bump into the rock wall.
The orc priest calls down the wrath of Beogh upon you.
Beogh smites you!
* * * LOW HITPOINT WARNING * * *
The orc priest barely misses you. The orc hits you.
* * * LOW HITPOINT WARNING * * *
Unknown command.
You hit the orc.
The orc is poisoned.
You headbutt the orc.
You kill the orc!
The orc priest calls down the wrath of Beogh upon you.
Pain shoots through your body!
You die...

### #.# #.########....
#.... #.# #...........##
#.$..##.############....
+.............> ##.##
#.....#...###.. #....
#.....#.#####... #####
###.#...oo...# #....
........o###... #.###
.......@)o..o... ..
%...##.#o..#.r.. .##
.......##..# .o ..
.#+#... ..# # ..... ..#
...$.s ..# ....#.. #..
..#?... .#


You could see a scorpion, 2 orc priests, 4 orcs and a quokka (wandering).

Vanquished Creatures
  An orc priest (D:4)
  A hound skeleton (D:3)
  8 adders
  2 worms (D:2)
  3 dart slugs
  2 giant geckos
  6 orcs
  9 giant cockroaches
  2 goblins (D:1)
  7 hobgoblins
  A quokka (D:2)
  5 bats
  4 giant newts
  13 kobolds
  A quokka skeleton (D:4)
  7 rats
72 creatures vanquished.

Notes
Turn   | Place    | Note
-------+----------+-------------------------------------------
     0 | D:1      | dvd the Minotaur Gladiator began the quest for the Orb.
     0 | D:1      | Reached XP level 1. HP: 18/18 MP: 0/0
   133 | D:1      | Reached XP level 2. HP: 23/25 MP: 1/1
   518 | D:1      | Reached skill level 4 in Axes
   771 | D:2      | Reached XP level 3. HP: 26/31 MP: 2/2
  1089 | D:2      | Reached XP level 4. HP: 38/38 MP: 3/3
  1300 | D:2      | Reached skill level 1 in Armour
  1610 | D:3      | Reached XP level 5. HP: 43/45 MP: 4/4
  1800 | D:3      | Reached skill level 5 in Axes
  2275 | D:4      | Killed from afar by an orc priest

Vault maps used:
D:1:      minmay_arrival_glassed_features, minmay_pentomino_w4
D:4:      lemuel_doored_altar, serial_shops, shop, lemuel_flame_loot_1

Skill      XL: |  1  2  3  4  5 |
---------------+----------------+-----
Axes           | 4 5 |  5.3
Fighting       | 3 |  3.7
Dodging        | 4 |  4.3
Armour         | 2 |  2.1
Throwing       | |  2.2
Shields        | |  0.5

Action                   |  1- 3 |  4- 6 || total
-------------------------+-------+-------++-------
Melee: War axe           |    67 |    73 ||   140
       Headbutt          |    16 |    10 ||    26
       Short sword       |       |     3 ||     3
  Use: Potion            |       |     5 ||     5
  Eat: Chunk             |     1 |     3 ||     4
Armor: Leather armour    |     5 |       ||     5
       Chain mail        |    33 |    41 ||    74
       Skin              |       |     1 ||     1
Dodge: Dodged            |    44 |    22 ||    66
Block: Shield            |     4 |    28 ||    32
